Map: Dragon Scales LE

Players

BiPolarBear - Winner!

  • Race: Zerg Zerg
  • League: Diamond
  • Spawn Location: 5:00

llllllllllll

  • Race: Terran Terran
  • League: Platinum
  • Spawn Location: 11:00

VOD

Have the link to the VOD?

Description

quick nydus

Time

  • Played on: April 27, 2023, 7:23 p.m.
  • Length: 7:00
Show
View Real Time Build Order
Export as new Build Order

BiPolarBear Zerg - Winner!

Build Orders: Pool First 

Get SALT Encoding   

  12  0:00  Drone  
  13  0:12  Overlord  
  13  0:16  Drone  
  14  0:30  Drone x2  
  16  0:38  Drone  
  17  0:44  Spawning Pool  
  17  0:47  Extractor  
  17  0:49  Drone  
  16  0:52  Extractor  
  16  0:56  Drone  
  16  1:05  Drone  
  17  1:19  Drone  
  18  1:35  Drone  
  19  1:43  Overlord  
  19  1:50  Drone  
  19  1:53  Lair  
  20  2:05  Hatchery  
  19  2:12  Zergling x4  
  21  2:24  Drone  
  22  2:37  Metabolic Boost  
  22  2:54  Nydus Network  
  22  2:56  Drone  
  22  2:58  Zergling x2  
  22  2:59  Zergling x2  
  22  3:05  Queen  
  26  3:30  Zergling x10  
  26  3:31  Queen  
  33  3:38  Overlord  
  33  3:40  Queen  
  35  3:46  Zergling x2  
  36  4:00  Nydus Canal  
  36  4:03  Zergling x8  
  40  4:12  Pneumatized Carapace  
  40  4:14  Zergling x2  
  40  4:15  Zergling x6  
  41  4:24  Nydus Canal  
  35  4:39  Zergling x2  
  35  4:41  Overlord  
  35  4:42  Overlord  
  35  4:48  Zergling x2  
  36  4:59  Queen  
  37  5:06  Zergling x12  
  36  5:25  Nydus Canal  
  36  5:26  Zergling x2  
  36  5:27  Zergling x10  
  41  5:30  Zergling x2  
  38  5:45  Zergling x2  
  38  5:46  Zergling x4  
  34  6:05  Zergling x6  
  32  6:13  Zergling x4  
  34  6:20  Zergling x4  
  34  6:28  Zergling x2  
Show
View Real Time Build Order
Export as new Build Order

llllllllllll Terran 

Build Orders:  

Get SALT Encoding   

  12  0:00  SCV  
  13  0:12  SCV  
  14  0:18  Supply Depot  
  14  0:24  SCV  
  15  0:31  Refinery  
  15  0:43  Barracks  
  15  0:45  SCV  
  16  0:57  SCV  
  17  1:09  SCV  
  18  1:16  Engineering Bay  
  18  1:21  SCV  
  19  1:30  Marine  
  20  1:33  Factory, SCV  
  21  1:46  Orbital Command  
  21  1:50  Refinery  
  21  1:53  Barracks Tech Lab  
  21  2:02  Supply Depot  
  21  2:12  SCV  
  22  2:27  Siege Tank  
  22  2:29  Supply Depot  
  25  2:31  Supply Depot  
  25  2:34  Marine  
  27  2:37  SCV  
  27  2:49  Starport  
  27  2:51  SCV  
  28  3:05  Siege Tank  
  31  3:10  SCV  
  32  3:24  Command Center  
  32  3:28  Starport Tech Lab  
  32  3:46  Barracks Reactor, Viking, SCV  
  35  3:54  Hellion  
  37  3:58  SCV  
  37  3:59  Engineering Bay  
  38  4:10  SCV  
  34  4:43  Hellion, Marine  
  37  4:51  Banshee  
  39  5:19  Hellion  
  36  5:48  Hellion  
  29  5:57  Marine  
  25  6:06  SCV  
  25  6:09  Hellion  
Tags
 
Add a new tag
Caveats
  • Supply blocks, unpowered buildings, or Contaminate may cause inaccurate times.
  • Supply counts are checked every 10 seconds.